 Dungeon Crawl Stone Soup version 0.24.0-37-gcf1ca852f1 (webtiles) character file.

Game seed: 5089422062773387478, levelgen mode: deterministic

1232 FishyPogo the Charmwright (level 8, -3/91 (96) HPs)
             Began as a Gnoll Skald on Dec 1, 2019.
             Was an Initiate of Nemelex Xobeh.
             Slain by a polar bear (21 damage)
             ... created by the rage of Trog
             ... on level 5 of the Dungeon.
             The game lasted 00:22:01 (4048 turns).

FishyPogo the Charmwright (Gnoll Skald)             Turns: 4048, Time: 00:22:04

HP:   -3/91 (96)    AC: 24    Str: 19    XL:     8   Next: 48%
MP:   17/17         EV:  2    Int: 22    God:    Nemelex Xobeh [......]
Gold: 250           SH:  0    Dex: 15    Spells: 5/19 levels left

rFire    x . .     SeeInvis .   a - +4 flail (protect)
rCold    + . .     Gourm    .   (no shield)
rNeg     + + +     Faith    +   (armour currently unavailable)
rPois    +         Spirit   .   (helmet currently unavailable)
rElec    .         Reflect  .   (cloak currently unavailable)
rCorr    .         Harm     .   (gloves currently unavailable)
MR       .....     NoTele   +   (boots currently unavailable)
Stlth    ++........             s - amulet of faith
HPRegen  0.25/turn              q - ring of ice
MPRegen  0.15/turn              j - ring of wizardry

@: mighty, brilliant, tree-form
A: distributed training, strong nose
a: Draw Escape, Draw Destruction, Draw Summoning, Renounce Religion


You were on level 5 of the Dungeon.
You worshipped Nemelex Xobeh.
Nemelex Xobeh was noncommittal.
You were not hungry.
You were a tree.
You visited 1 branch of the dungeon, and saw 6 of its levels.

You collected 250 gold pieces.

Inventory:

Hand Weapons
 a - a +4 flail of protection (weapon)
 b - a +2 quarterstaff of chaos
Missiles
 e - 103 stones (quivered)
 o - 7 poisoned darts
 u - 9 boomerangs
Armour
 z - a +0 leather armour (melded)
 A - a +0 cloak of magic resistance (melded)
Jewellery
 j - a ring of wizardry (right branch)
 q - a ring of ice (left branch)
 s - an amulet of faith (around neck)
Wands
 y - a wand of polymorph (1)
Scrolls
 f - 2 scrolls of amnesia {unknown}
 g - 5 scrolls of remove curse
 k - 4 scrolls of teleportation
 l - a scroll of blinking
 n - 2 scrolls of identify
 r - a scroll of fear {unknown}
Potions
 h - a potion of brilliance
 p - 2 potions of resistance
 t - a potion of agility
 v - 3 potions of curing
Comestibles
 d - 9 rations
 m - a chunk of flesh


   Skills:
 + Level 5.6 Fighting
 + Level 5.6 Short Blades
 + Level 3.2 Long Blades
 + Level 3.2 Axes
 + Level 3.2 Maces & Flails
 + Level 3.2 Polearms
 + Level 3.2 Staves
 + Level 3.2 Slings
 + Level 3.2 Bows
 + Level 3.2 Crossbows
 + Level 3.2 Throwing
 + Level 4.2 Armour
 + Level 5.6 Dodging
 + Level 3.2 Stealth
 + Level 3.2 Shields
 + Level 3.2 Unarmed Combat
 + Level 6.0 Spellcasting
 + Level 2.6 Conjurations
 + Level 2.6 Hexes
 + Level 6.1 Charms
 + Level 2.6 Summonings
 + Level 2.6 Necromancy
 + Level 2.6 Translocations
 + Level 2.6 Transmutations
 + Level 2.6 Fire Magic
 + Level 2.6 Ice Magic
 + Level 2.6 Air Magic
 + Level 2.6 Earth Magic
 + Level 2.6 Poison Magic
 + Level 3.5 Invocations
 + Level 3.2 Evocations


You had 5 spell levels left.
You knew the following spells:

 Your Spells              Type           Power        Failure   Level  Hunger
h - Regeneration          Chrm/Necr      #####.....   1%          3    #......
n - Spectral Weapon       Hex/Chrm       #####...     1%          3    #......
p - Shroud of Golubria    Chrm/Tloc      #####.       1%          2    None
s - Song of Slaying       Chrm           #####...     1%          2    None
u - Spider Form           Tmut/Pois      ####......   1%          3    #......
y - Infusion              Chrm           ####         1%          1    None

Your spell library contained the following spells:

 Spells                   Type           Power        Failure   Level  Hunger
 Beastly Appendage        Tmut           ####..       1%          1    None
 Sticks to Snakes         Tmut           ####....     1%          2    None
 Ice Form                 Ice/Tmut       #####...     3%          4    ###....
 Blade Hands              Tmut           ####......   10%         5    #####..


Dungeon Overview and Level Annotations

Branches:
Dungeon (6/15)
 Temple: D:4-7

Altars:
Ashenzari
Cheibriados
Fedhas
Kikubaaqudgha
Nemelex Xobeh
Trog
Uskayaw
Wu Jian


Innate Abilities, Weirdness & Mutations

Your experience applies equally to all skills.
((You have very sharp teeth.))
Your uncanny sense of smell can sniff out nearby items.


Message History

The black bear claws you but does no damage.
The polar bear bites you but does no damage.
The polar bear claws you but does no damage.
The polar bear claws you.
* * * LOW HITPOINT WARNING * * *
The polar bear bites you but does no damage.
The polar bear claws you but does no damage.
The polar bear claws you.
* * * LOW HITPOINT WARNING * * *
Unknown command.
Unknown command.
It was a potion of might.
You feel very mighty all of a sudden.
The black bear bites you but does no damage.
The black bear claws you but does no damage.
The black bear claws you.
* * * LOW HITPOINT WARNING * * *
The polar bear bites you!!
You die...
Your body disappears without a glow.

##.## ##.....#....###
...#####.........###
...##....###.##.##
......#####..##.#
....).##.......<#
...##.##........#
###....#........#
#_##..)........###
##.###......##hh♣#######
#.#.##....######hhh.(..#
.##.##.......# ####....#
##.###.......# #....#
#.###........# ##...#
.####..#############...#
##..#..............[...#
#.#.#.##############...#
.####..# #...#


You could see 2 polar bears and 3 black bears.

Vanquished Creatures
  A hungry ghost (D:5)
  Menkaure (D:4)
  Edmund (D:5)
  A phantom (D:4)
  A centaur (D:5)
  A scorpion (D:4)
  A centaur zombie (D:5)
  A crimson imp (D:5)
  A quasit (D:5)
  An orc priest (D:5)
  4 hounds
  Crazy Yiuf (D:4)
  A bullfrog skeleton (D:5)
  An orc wizard (D:4)
  Ijyb (D:4)
  3 worker ants
  Natasha (thrice) (D:3)
  A hound skeleton (D:5)
  4 adders
  An adder skeleton (D:5)
  3 worms
  3 dart slugs
  2 leopard geckos
  16 orcs
  3 giant cockroaches
  10 goblins
  7 hobgoblins
  6 jackals
  2 quokkas
  A ball python (D:3)
  A ball python skeleton (D:5)
  5 bats
  A frilled lizard (D:4)
  2 jackal skeletons (D:5)
  8 kobolds
  6 rats
106 creatures vanquished.

Notes
Turn   | Place    | Note
-------+----------+-------------------------------------------
     0 | D:1      | FishyPogo the Gnoll Skald began the quest for the Orb.
     0 | D:1      | Reached XP level 1. HP: 20/20 MP: 6/6
   269 | D:1      | Reached XP level 2. HP: 26/26 MP: 3/7
   301 | D:1      | Learned a level 2 spell: Song of Slaying
   304 | D:1      | Learned a level 2 spell: Shroud of Golubria
   706 | D:2      | Reached XP level 3. HP: 30/31 MP: 9/9
   786 | D:2      | Reached skill level 5 in Spellcasting
   786 | D:2      | Reached skill level 1 in Invocations
   837 | D:2      | Reached skill level 1 in Long Blades
   837 | D:2      | Reached skill level 1 in Axes
   837 | D:2      | Reached skill level 1 in Maces & Flails
   837 | D:2      | Reached skill level 1 in Polearms
   837 | D:2      | Reached skill level 1 in Staves
   837 | D:2      | Reached skill level 1 in Slings
   837 | D:2      | Reached skill level 1 in Bows
   837 | D:2      | Reached skill level 1 in Crossbows
   837 | D:2      | Reached skill level 1 in Throwing
   837 | D:2      | Reached skill level 1 in Stealth
   837 | D:2      | Reached skill level 1 in Shields
   837 | D:2      | Reached skill level 1 in Unarmed Combat
   837 | D:2      | Reached skill level 1 in Evocations
   869 | D:2      | Learned a level 3 spell: Regeneration
   873 | D:2      | Learned a level 3 spell: Spectral Weapon
   890 | D:2      | Reached XP level 4. HP: 22/38 MP: 3/11
   936 | D:2      | Found a faded altar of an unknown god.
   941 | D:2      | Became a worshipper of Trog the Wrathful
   941 | D:2      | Reached * piety under Trog
  1015 | D:2      | Fell from the grace of Trog
  1521 | D:3      | Reached skill level 1 in Conjurations
  1521 | D:3      | Reached skill level 1 in Hexes
  1521 | D:3      | Reached skill level 1 in Summonings
  1521 | D:3      | Reached skill level 1 in Necromancy
  1521 | D:3      | Reached skill level 1 in Translocations
  1521 | D:3      | Reached skill level 1 in Transmutations
  1521 | D:3      | Reached skill level 1 in Fire Magic
  1521 | D:3      | Reached skill level 1 in Ice Magic
  1521 | D:3      | Reached skill level 1 in Air Magic
  1521 | D:3      | Reached skill level 1 in Earth Magic
  1521 | D:3      | Reached skill level 1 in Poison Magic
  1642 | D:3      | Noticed Natasha
  1657 | D:3      | Killed Natasha
  1657 | D:3      | Reached XP level 5. HP: 43/43 MP: 2/12
  1669 | D:2      | Found an ancient bone altar of Kikubaaqudgha.
  1715 | D:3      | Noticed Natasha
  1722 | D:3      | Killed Natasha
  1834 | D:3      | Noticed Natasha
  1841 | D:3      | Killed Natasha
  2194 | D:4      | Noticed Ijyb
  2194 | D:4      | Noticed a phantom
  2310 | D:5      | Entered Level 5 of the Dungeon
  2348 | D:5      | Found a shattered altar of Ashenzari.
  2350 | D:5      | Found an ornate altar of the Wu Jian Council.
  2353 | D:5      | Found a snail-covered altar of Cheibriados.
  2381 | D:5      | Reached XP level 6. HP: 42/47 MP: 13/13
  2451 | D:5      | Reached skill level 5 in Fighting
  2451 | D:5      | Reached skill level 5 in Short Blades
  2451 | D:5      | Reached skill level 5 in Dodging
  2507 | D:5      | Reached XP level 7. HP: 40/53 MP: 0/15
  2549 | D:5      | Noticed a hungry ghost
  2754 | D:3      | Learned a level 3 spell: Spider Form
  2891 | D:4      | Noticed Menkaure
  2912 | D:4      | Killed Menkaure
  3109 | D:4      | Killed Ijyb
  3181 | D:4      | Found a sparkling altar of Nemelex Xobeh.
  3187 | D:4      | Became a worshipper of Nemelex Xobeh the Trickster
  3196 | D:4      | Reached XP level 8. HP: 59/60 MP: 9/16
  3242 | D:4      | Found a runed translucent door.
  3243 | D:4      | Noticed Crazy Yiuf
  3334 | D:4      | Received a gift from Nemelex Xobeh
  3540 | D:4      | Killed Crazy Yiuf
  3754 | D:5      | Found a blossoming altar of Fedhas.
  3774 | D:5      | Noticed Edmund
  3803 | D:5      | Killed Edmund
  3972 | D:5      | Found a hide-covered altar of Uskayaw.
  4042 | D:5      | Noticed a polar bear
  4042 | D:5      | Noticed a polar bear
  4048 | D:5      | Slain by a polar bear

Levels and vault maps discovered:
D:1:      ncdulo_halloftheorcs, layout_basic
D:2:      layout_loops_ring, nicolae_overflow_hidden_temple,
          chequers_ecumenical_altar_simple_redux
D:3:      layout_basic, first_ration, uniq_natasha
D:4:      layout_cave_pods, nemelex_xobeh_ov_fountains_minmay,
          minmay_misc_feat_five, minmay_misc_feat_square,
          uniq_crazy_yiuf_cottage, uniq_menkaure, uniq_ijyb
D:5:      layout_rooms, grunt_temple_overflow_open, marbit_many_paths,
          lemuel_doored_altar, uniq_edmund
D:6:      layout_basic, old_standard_altar

Skill      XL: |  1  2  3  4  5  6  7  8 |
---------------+-------------------------+-----
Spellcasting   | 5 6 |  6.0
Invocations    | 1 2 3 |  3.5
Long Blades    | 1 2 3 |  3.2
Axes           | 1 2 3 |  3.2
Maces & Flails | 1 2 3 |  3.2
Polearms       | 1 2 3 |  3.2
Staves         | 1 2 3 |  3.2
Slings         | 1 2 3 |  3.2
Bows           | 1 2 3 |  3.2
Crossbows      | 1 2 3 |  3.2
Throwing       | 1 2 3 |  3.2
Stealth        | 1 2 3 |  3.2
Shields        | 1 2 3 |  3.2
Unarmed Combat | 1 2 3 |  3.2
Evocations     | 1 2 3 |  3.2
Conjurations   | 1 2 |  2.6
Hexes          | 1 2 |  2.6
Summonings     | 1 2 |  2.6
Necromancy     | 1 2 |  2.6
Translocations | 1 2 |  2.6
Transmutations | 1 2 |  2.6
Fire Magic     | 1 2 |  2.6
Ice Magic      | 1 2 |  2.6
Air Magic      | 1 2 |  2.6
Earth Magic    | 1 2 |  2.6
Poison Magic   | 1 2 |  2.6
Armour         | 3 4 |  4.2
Fighting       | 5 |  5.6
Short Blades   | 5 |  5.6
Dodging        | 5 |  5.6
Charms         | 6 |  6.1

Action                   |  1- 3 |  4- 6 |  7- 9 || total
-------------------------+-------+-------+-------++-------
Melee: Short sword       |    86 |   184 |    69 ||   339
       Bite              |     6 |    25 |    11 ||    42
       Punch             |       |     3 |     1 ||     4
       Unarmed           |       |       |    26 ||    26
       Quarterstaff      |       |       |    25 ||    25
       Flail             |       |       |    10 ||    10
Throw: Stone             |       |       |     2 ||     2
 Cast: Infusion          |     7 |     6 |     8 ||    21
       Shroud of Golubri |     2 |     4 |     3 ||     9
       Spectral Weapon   |     1 |     5 |    13 ||    19
       Regeneration      |       |     3 |     4 ||     7
       Spider Form       |       |       |     2 ||     2
Invok: Renounce Religion |       |     1 |       ||     1
 Abil: End Transformatio |       |       |     1 ||     1
  Use: Potion            |       |       |     5 ||     5
       Scroll            |       |       |     7 ||     7
 Stab: Sleeping          |     2 |     2 |     1 ||     5
       Distracted        |       |       |     1 ||     1
  Eat: Chunk             |       |     5 |     9 ||    14
Armor: Leather armour    |    13 |    35 |    14 ||    62
       Skin              |       |       |    51 ||    51
Dodge: Dodged            |    56 |   128 |    84 ||   268
